 Dungeon Sprint DCSS version 0.24.1-4-ge52af88ad5 (webtiles) character file.

Game seed: 17951601572619858005, levelgen mode: deterministic

34598 Groucho the Imperceptible (level 12, -10/72 HPs)
             Began as a Spriggan Enchanter on Apr 19, 2020.
             Was the Champion of Dithmenos.
             Killed by the air
             ... invoked by Gastronok
              (38 damage)
             ... in the Dungeon (Sprint III: "The Ten Rune Challenge").
             The game lasted 00:17:58 (4011 turns).

Groucho the Imperceptible (Spriggan Enchanter)      Turns: 4011, Time: 00:17:59

Health: -10/72     AC:  4    Str:  8    XL:     12   Next: 55%
Magic:  7/31       EV: 33    Int: 17    God:    Dithmenos [******]
Gold:   30         SH:  0    Dex: 17    Spells: 31/47 levels left

rFire    . . .     SeeInvis +   a - +1 dagger
rCold    . . .     Gourm    .   (shield restricted)
rNeg     . . .     Faith    .   b - +0 robe
rPois    .         Spirit   .   (helmet restricted)
rElec    +         Reflect  .   (no cloak)
rCorr    .         Harm     .   (gloves unavailable)
MR       ++...     NoTele   +   (boots unavailable)
Stlth    ++++++++++             (no amulet)
HPRegen  0.22/turn              (no ring)
MPRegen  0.22/turn              (no ring)

@: wreathed by umbra, very quick
A: very small, unfitting armour, slimy green scales 1, see invisible, herbivore,
speed 3, low mp 1, robust 1, electricity resistance, slow metabolism 2
}: 1/10 runes: decaying
a: Shadow Step, Shadow Form, Renounce Religion


You were in the Dungeon.
You worshipped Dithmenos.
Dithmenos was exalted by your worship.
You were not hungry.

You visited 1 branch You collected 30 gold pieces.

Inventory:

Hand Weapons
 a - a +1 dagger (weapon)
Armour
 b - a +0 robe (worn)
Wands
 o - a wand of flame (27)
Scrolls
 i - 2 scrolls of holy word {unknown}
 k - 3 scrolls of identify
 l - 3 scrolls of enchant armour {unknown}
 m - a scroll of remove curse {unknown}
Potions
 e - 3 potions of curing
 f - a potion of heal wounds
 g - 3 potions of haste
 h - a potion of magic
 p - a potion of berserk rage
Comestibles
 d - 3 rations


   Skills:
 + Level 9.1 Fighting
 - Level 10.1 Short Blades
 + Level 18.5 Dodging
 - Level 21.1 Stealth
 + Level 18.2 Spellcasting
 - Level 14.6 Hexes
 + Level 13.8 Translocations


You had 31 spell levels left.
You knew the following spells:

 Your Spells              Type           Power        Failure   Level  Hunger
a - Corona                Hex            ######.      0%          1    None
b - Ensorcelled Hibernat  Hex/Ice        #####.       1%          2    None
c - Confuse               Hex            ######..     1%          3    None
d - Dazzling Spray        Conj/Hex       #####.       1%          3    None
e - Tukima's Dance        Hex            ######..     1%          3    None
f - Apportation           Tloc           ######       0%          1    None
g - Gell's Gravitas       Tloc           ######....   1%          3    None

Your spell library contained the following spells:

 Spells                   Type           Power        Failure   Level  Hunger
 Confusing Touch          Hex            ######       0%          1    None
 Animate Skeleton         Necr           N/A          3%          1    None
 Summon Small Mammal      Summ           ###.         3%          1    None
 Metabolic Englaciation   Hex/Ice        #####.....   4%          5    ###....
 Yara's Violent Unravell  Hex/Tmut       #####.....   4%          5    ###....
 Petrify                  Tmut/Erth      ###.....     36%         4    None


Dungeon Overview and Level Annotations

Branches:
Dungeon (1/1)

Altars:
Cheibriados
Dithmenos
Elyvilon
Fedhas
Gozag
Hepliaklqana
Kikubaaqudgha
Makhleb
Nemelex Xobeh
Okawaru
Qazlal
Ru
Sif Muna
Trog
Uskayaw
Vehumet
Wu Jian
Xom
Yredelemnul
Zin
The Shining One
Beogh
Jiyva
Lugonu

Shops:
D }[%

Annotations:
D Gastronok, Polyphemus


Innate Abilities, Weirdness & Mutations

You are very small and have problems with some larger weapons.
You are too small for most types of armour.
You have supernaturally acute eyesight. (SInv)
You are a herbivore.
You cover ground extremely quickly.
You need to consume almost no food.
You are partially covered in slimy green scales. (AC +2)
Your magical capacity is low. (-10% MP)
You are robust. (+10% HP)
You are resistant to electric shocks. (rElec)


Message History

The dire elephant is severely wounded.
The dire elephant completely misses you. x4
You hit the dire elephant but do no damage.
The dire elephant is severely wounded.
You hit the dire elephant but do no damage.
The dire elephant is severely wounded.
Your shadow hits the dire elephant but does no damage.
The dire elephant completely misses you. x2
You hit the dire elephant but do no damage.
The dire elephant is severely wounded.
Unknown command.
You hit the dire elephant but do no damage.
The dire elephant is severely wounded.
Your shadow barely misses the dire elephant.
The dire elephant completely misses you.
The dire elephant barely misses you.
Gastronok waves his eye-stalks in wide circles.
The air twists around and strikes you!!!
Ouch! That really hurt!
You die...

....#.≈≈≈≈≈≈....#.⌠.#__#...#+####
....#.≈≈≈≈≈.....#...#__#...#.§§§§
....#.≈≈≈.......#'###__#...#.#§§§
#####...........#.))#__#...'.#§§§
................#___#__+...#.#§§§
▓▓▓▓▓▓▓▓▓▓▓▓▓▓▓▓▓▓▓▓▓▓▓▓▓▓▓▓▓▓▓▓▓
..Y+≈≈≈≈≈≈≈≈≈♣♣.....♣♣♣♣≈≈†......
..P#≈≈≈§.§.≈≈♣♣YY≈≈≈'♣♣'♣≈≈≈≈≈≈≈≈
YPP#≈≈≈§§§≈≈≈Yw.@...#.≈♣♣♣♣♣♣♣♣♣♣
..P#≈≈§§.§≈≈≈♣♣♣♣♣♣♣#..♣♣
..[#≈≈§§≈§≈≈≈♣ ###'♣♣♣♣♣♣♣♣♣
##'####'#######♣ ♣♣♣♣.##..##≈≈≈
...w.......)...♣♣ ♣...##.##.#≈≈≈
#+#############'♣ ♣♣.##.##.##÷≈≈
..J#≈...........♣ ♣..#.##...#≈≈
..J+≈≈...########♣♣ ♣♣.##.##.)#≈.
J..#≈≈≈..........P♣ ♣♣.##.#####..


You could see Gastronok, 2 dire elephants and an elephant.

Vanquished Creatures
  Rupert (D)
  Frances (D)
  Donald (D)
  Snorg (D)
  A centaur warrior (D)
  3 ice dragons (D)
  3 hydras (D)
  4 death yaks (D)
  Urug (D)
  2 unseen horrors (D)
  A death drake (D)
  A lindwurm (D)
  A deep elf mage (D)
  2 black mambas (D)
  2 spiny frogs (D)
  A komodo dragon (D)
  A rime drake (D)
  3 wandering mushrooms (D)
  2 tyrant leeches (D)
  8 blink frogs (D)
  A shadow (D)
  3 redbacks (D)
  A spatial vortex (D)
  A hydra simulacrum (D)
  A swamp drake (D)
  A necrophage (D)
  2 centaurs (D)
  An earth elemental (D)
  A water elemental (D)
  An electric eel (D)
  A jelly (D)
  A wizard (D)
  A necromancer (D)
  3 humans (D)
  A kobold demonologist (D)
  A wolf (D)
  2 swamp drake simulacra (D)
  4 rats (D)
67 creatures vanquished.

Vanquished Creatures (others)
  2 draconian scorchers (D)
  6 hellions (D)
  3 yaktaurs (D)
  5 plants (D)
16 creatures vanquished.

Grand Total: 83 creatures vanquished

Notes
Turn   | Place    | Note
-------+----------+-------------------------------------------
     0 | D        | Groucho the Spriggan Enchanter began the quest for the Orb.
     0 | D        | Reached XP level 1. HP: 9/9 MP: 5/5
     7 | D        | Reached skill level 5 in Stealth
    71 | D        | Killed a yaktaur
   111 | D        | Killed a hellion
   111 | D        | Killed a hellion
   131 | D        | Killed a hellion
   131 | D        | Killed a hellion
   144 | D        | Killed a hellion
   191 | D        | Killed a hellion
   215 | D        | Killed a white draconian scorcher
   352 | D        | Noticed a wolf
   370 | D        | Killed a wolf
   370 | D        | Reached skill level 7 in Stealth
   370 | D        | Reached XP level 2. HP: 7/13 MP: 6/8
   403 | D        | Killed a white draconian scorcher
   667 | D        | Learned a level 2 spell: Ensorcelled Hibernation
   695 | D        | Reached skill level 8 in Stealth
   695 | D        | Reached skill level 5 in Hexes
   695 | D        | Reached XP level 3. HP: 4/16 MP: 7/10
  1065 | D        | Noticed a water elemental
  1068 | D        | Killed a water elemental
  1068 | D        | Reached skill level 10 in Stealth
  1068 | D        | Reached skill level 5 in Spellcasting
  1068 | D        | Reached XP level 4. HP: 21/21 MP: 10/12
  1073 | D        | Learned a level 3 spell: Confuse
  1077 | D        | Learned a level 3 spell: Dazzling Spray
  1081 | D        | Learned a level 3 spell: Tukima's Dance
  1087 | D        | Found a radiant altar of Vehumet.
  1088 | D        | Found a shimmering blue altar of Sif Muna.
  1088 | D        | Found an ancient bone altar of Kikubaaqudgha.
  1088 | D        | Noticed a wizard
  1089 | D        | Killed a wizard
  1089 | D        | Reached skill level 11 in Stealth
  1091 | D        | Reached XP level 5. HP: 24/24 MP: 13/15
  1104 | D        | Found a glowing silver altar of Zin.
  1108 | D        | Found a glowing golden altar of the Shining One.
  1108 | D        | Found a white marble altar of Elyvilon.
  1108 | D        | Noticed a deep elf mage
  1110 | D        | Killed a deep elf mage
  1110 | D        | Reached skill level 15 in Stealth
  1110 | D        | Reached XP level 6. HP: 28/28 MP: 16/19
  1110 | D        | Reached XP level 7. HP: 32/32 MP: 16/20
  1137 | D        | Found a hide-covered altar of Uskayaw.
  1137 | D        | Found an iron altar of Okawaru.
  1138 | D        | Found a roughly hewn altar of Beogh.
  1138 | D        | Found a bloodstained altar of Trog.
  1138 | D        | Found an ornate altar of the Wu Jian Council.
  1138 | D        | Noticed a human
  1138 | D        | Noticed a human
  1145 | D        | Found a shadowy altar of Dithmenos.
  1146 | D        | Found a basalt altar of Yredelemnul.
  1146 | D        | Found a sacrificial altar of Ru.
  1147 | D        | Reached skill level 16 in Stealth
  1147 | D        | Reached skill level 10 in Hexes
  1156 | D        | Became a worshipper of Dithmenos the Shadowed
  1177 | D        | Killed a human
  1177 | D        | Reached skill level 17 in Stealth
  1177 | D        | Reached skill level 10 in Spellcasting
  1181 | D        | Killed a human
  1353 | D        | Noticed a shadow
  1355 | D        | Killed a shadow
  1355 | D        | Reached * piety under Dithmenos
  1355 | D        | Reached XP level 8. HP: 36/36 MP: 23/23
  1365 | D        | Found a blossoming altar of Fedhas.
  1365 | D        | Found a stormy altar of Qazlal.
  1365 | D        | Found a snail-covered altar of Cheibriados.
  1365 | D        | Found a burning altar of Makhleb.
  1365 | D        | Found a shimmering altar of Xom.
  1366 | D        | Found a hazy altar of Hepliaklqana.
  1366 | D        | Found an opulent altar of Gozag.
  1366 | D        | Found a sparkling altar of Nemelex Xobeh.
  1366 | D        | Found a corrupted altar of Lugonu.
  1366 | D        | Found a viscous altar of Jiyva.
  1368 | D        | Reached skill level 18 in Stealth
  1380 | D        | Noticed Snorg
  1382 | D        | Killed Snorg
  1382 | D        | Reached ** piety under Dithmenos
  1382 | D        | Reached skill level 5 in Short Blades
  1384 | D        | Gained mutation: You are resistant to electric shocks.
                  | (rElec) [potion of mutation]
  1384 | D        | Gained mutation: You are dopey. (Int -2) [potion of
                  | mutation]
  1384 | D        | Gained mutation: Potions are less effective at restoring
                  | your health. [potion of mutation]
  1384 | D        | Gained mutation: Your flesh is cold resistant. (rC+)
                  | [potion of mutation]
  1385 | D        | Lost mutation: You are dopey. (Int -2) [potion of mutation]
  1385 | D        | Lost mutation: Potions are less effective at restoring your
                  | health. [potion of mutation]
  1385 | D        | Gained mutation: Your magical capacity is low. (-10% MP)
                  | [potion of mutation]
  1385 | D        | Gained mutation: You are agile. (Dex +2) [potion of
                  | mutation]
  1386 | D        | Lost mutation: Your flesh is cold resistant. (rC+) [potion
                  | of mutation]
  1386 | D        | Lost mutation: You are agile. (Dex +2) [potion of mutation]
  1386 | D        | Gained mutation: You are partially covered in slimy green
                  | scales. (AC +2) [potion of mutation]
  1386 | D        | Gained mutation: You are robust. (+10% HP) [potion of
                  | mutation]
  1429 | D        | Reached XP level 9. HP: 42/42 MP: 23/23
  1434 | D        | Noticed a centaur warrior
  1438 | D        | Reached skill level 19 in Stealth
  1439 | D        | Killed a centaur warrior
  1439 | D        | Reached *** piety under Dithmenos
  1451 | D        | Noticed an unseen horror
  1451 | D        | Noticed an unseen horror
  1452 | D        | Killed an unseen horror
  1452 | D        | Reached skill level 10 in Dodging
  1454 | D        | Killed an unseen horror
  1454 | D        | Reached skill level 20 in Stealth
  1454 | D        | Reached XP level 10. HP: 48/48 MP: 25/25
  1457 | D        | Noticed Donald
  1457 | D        | Noticed Frances
  1462 | D        | Killed Donald
  1466 | D        | Killed Frances
  1466 | D        | Reached skill level 10 in Short Blades
  1466 | D        | Reached skill level 21 in Stealth
  1610 | D        | Reached skill level 1 in Fighting
  1622 | D        | Reached **** piety under Dithmenos
  1919 | D        | Noticed a spiny frog
  1919 | D        | Noticed a spiny frog
  1925 | D        | Killed a spiny frog
  1925 | D        | Reached XP level 11. HP: 56/56 MP: 24/27
  1928 | D        | Learned a level 1 spell: Apportation
  1932 | D        | Learned a level 3 spell: Gell's Gravitas
  1937 | D        | Reached skill level 15 in Spellcasting
  1937 | D        | Reached skill level 1 in Translocations
  1944 | D        | Reached ***** piety under Dithmenos
  1980 | D        | Noticed a lindwurm
  1982 | D        | Killed a lindwurm
  1982 | D        | Reached skill level 5 in Translocations
  1994 | D        | Noticed Urug
  1996 | D        | Killed Urug
  2015 | D        | Noticed a six-headed hydra
  2015 | D        | Noticed an eight-headed hydra
  2026 | D        | Killed an eight-headed hydra
  2026 | D        | Reached skill level 5 in Fighting
  2026 | D        | Reached skill level 15 in Dodging
  2030 | D        | Killed a six-headed hydra
  2035 | D        | Noticed a death drake
  2038 | D        | Killed a death drake
  2350 | D        | Noticed Polyphemus
  2752 | D        | Noticed Rupert
  2756 | D        | Killed Rupert
  2756 | D        | Reached ****** piety under Dithmenos
  2756 | D        | Reached XP level 12. HP: 69/69 MP: 30/30
  2931 | D        | Noticed a death yak
  2932 | D        | Noticed a death yak
  2932 | D        | Noticed an azure jelly
  2932 | D        | Noticed a death yak
  2932 | D        | Noticed an azure jelly
  2932 | D        | Noticed a death yak
  2933 | D        | Killed a death yak
  2934 | D        | Killed a death yak
  2937 | D        | Killed a death yak
  2941 | D        | Noticed an azure jelly
  2941 | D        | Noticed an azure jelly
  2970 | D        | Killed a death yak
  3271 | D        | Noticed an ice dragon
  3271 | D        | Noticed an ice dragon
  3285 | D        | Killed an ice dragon
  3296 | D        | Killed an ice dragon
  3346 | D        | Noticed an ice dragon
  3394 | D        | Killed an ice dragon
  3575 | D        | Found Annamn's Gadget Shoppe.
  3575 | D        | Found Erchot's Antique Armour Boutique.
  3575 | D        | Found Jifiemack's Food Emporium.
  3623 | D        | Noticed a six-headed hydra
  3625 | D        | Killed a six-headed hydra
  3629 | D        | Got a decaying rune of Zot
  3974 | D        | Noticed a dire elephant
  3974 | D        | Noticed a dire elephant
  3974 | D        | Noticed Gastronok
  4011 | D        | Killed from afar by Gastronok

Levels and vault maps discovered:
D:        dungeon_sprint_mu [sprint_mu_entry_forest, sprint_mu_temple_rooms,
          sprint_mu_d1_horrors, sprint_mu_d2_genie, sprint_mu_d3_branching,
          sprint_mu_orc_legion, sprint_mu_elf_gauntlet, sprint_mu_hive_nellie,
          sprint_mu_lair_fedhas, sprint_mu_vaults_butterflies,
          sprint_mu_slime_circle, sprint_mu_swamp_cave, sprint_mu_shoals_archi,
          sprint_mu_blade_basic, sprint_mu_crypt_fortress,
          sprint_mu_tomb_spiral, sprint_mu_vestibule_basic,
          sprint_mu_gehenna_hellfire, sprint_mu_dis_giant,
          sprint_mu_tartarus_statrot, sprint_mu_cocytus_islands, sprint_mu_zot1]

Skill      XL: |  1  2  3  4  5  6  7  8  9 10 11 12 |
---------------+-------------------------------------+-----
Stealth        | 7 8 10 11 15 17 18 20 21 | 21.1
Spellcasting   | 4 5 6 9 10 11 13 14 17 18 | 18.2
Hexes          | 4 5 6 7 9 11 12 13 14 | 14.6
Short Blades   | 2 5 8 10 | 10.1
Dodging        | 4 7 10 13 16 18 | 18.5
Fighting       | 2 7 9 |  9.1
Translocations | 11 13 | 13.8

Action                   |  1- 3 |  4- 6 |  7- 9 | 10-12 || total
-------------------------+-------+-------+-------+-------++-------
Melee: Dagger            |    22 |     3 |    14 |    77 ||   116
 Cast: Ensorcelled Hiber |     1 |       |     5 |    26 ||    32
       Confuse           |       |       |       |    16 ||    16
       Dazzling Spray    |       |       |       |    16 ||    16
Invok: Shadow Step       |       |       |       |    13 ||    13
  Use: Potion            |     1 |       |     4 |     1 ||     6
       Scroll            |       |       |     1 |       ||     1
 Stab: Sleeping          |     3 |     3 |    14 |    35 ||    55
       Confused          |       |       |       |     7 ||     7
       Invisible         |       |       |       |     4 ||     4
  Eat: Ration            |       |       |       |     1 ||     1
Armor: Robe              |       |       |       |     1 ||     1
Dodge: Dodged            |    14 |       |     2 |   109 ||   125
